 Dungeon Crawl Stone Soup version 0.29.0-15-g675c0067aa (webtiles) character file.

Game seed: 6527217535410476519

148 qw the Chopper (level 5, -2/50 HPs)
             Began as a Minotaur Berserker on Sept 12, 2022.
             Was a Believer of Trog.
             Shot with an arrow by a centaur (12 damage)
             ... on level 6 of the Dungeon.
             The game lasted 00:01:04 (3157 turns).

qw the Chopper (Minotaur Berserker)                 Turns: 3157, Time: 00:01:05

Health: -2/50      AC:  3    Str: 23    XL:     5   Next: 8%
Magic:  4/4        EV: 11    Int:  4    God:    Trog [**....]
Gold:   100        SH:  0    Dex: 10    Spells: 4/4 levels left

rFire   . . .      SeeInvis .   Y - +0 hand axe
rCold   . . .      Faith    .   (no shield)
rNeg    . . .      Spirit   .   c - +0 leather armour
rPois   .          Reflect  .   (helmet unavailable)
rElec   .          Harm     .   (no cloak)
rCorr   .          Rampage  .   (no gloves)
Will    .....                   (no boots)
Stlth   +.........              (no amulet)
HPRegen 0.16/turn               (no ring)
MPRegen 0.09/turn               (no ring)

@: marked
A: horns 3, retaliatory headbutt, deterioration 1, robust 1
a: Renounce Religion, Berserk, Trog's Hand


You were on level 6 of the Dungeon.
You worshipped Trog.
Trog was pleased with you.
You visited 1 branch of the dungeon, and saw 4 of its levels.

You collected 100 gold pieces.


Innate Abilities, Weirdness & Mutations

You have a pair of large horns on your head.
You reflexively headbutt those who attack you in melee.
Your body sometimes deteriorates upon taking damage.
You are robust. (+10% HP)


   Skills:
 + Level 3.7 Fighting
 - Level 7.0 Axes
 - Level 2.4 Armour
 - Level 2.1 Dodging


You had 4 spell levels left.
You didn't know any spells.
Your spell library was empty.

Inventory:

Hand Weapons
 g - a +0 whip of venom
 Y - a +0 hand axe (weapon)
Armour
 a - a +0 scale mail
 c - a +0 leather armour (worn)
Jewellery
 f - a ring of resist corrosion
Scrolls
 h - a scroll of vulnerability {unknown}
 i - a scroll of silence {unknown}
Potions
 b - 2 potions of flight {unknown}
 d - 2 potions of curing {unknown}
 e - a potion of mutation

Dungeon Overview and Level Annotations

Branches:
Dungeon (3/15)

Altars:
Makhleb

Shops:
D:6 =


Message History

You can access your shopping list by pressing '$'.
3119 ||| SHOPLISTING +6 ring of strength (432 gold, have 100).
You can access your shopping list by pressing '$'.
3119 ||| SHOPLISTING amulet of guardian spirit (360 gold, have 100).
You can access your shopping list by pressing '$'.
3119 ||| SHOPLISTING amulet of reflection (360 gold, have 100).
You can access your shopping list by pressing '$'.
3119 ||| SHOPLISTING ring of fire (300 gold, have 100).
You can access your shopping list by pressing '$'.
3119 ||| SHOPLISTING ring of poison resistance (240 gold, have 100).
You can access your shopping list by pressing '$'.
3119 ||| SHOPLISTING ring of protection from cold (300 gold, have 100).
You can access your shopping list by pressing '$'.
3119 ||| SHOPLISTING ring of protection from fire (300 gold, have 100).
You can access your shopping list by pressing '$'.
3119 ||| SHOPLISTING ring of willpower (300 gold, have 100).
You can access your shopping list by pressing '$'.
There is a fountain of clear blue water here.
You set off the alarm!
The alarm trap emits a blaring wail!
A sentinel's mark forms upon you.
You hear a shout!
You hear a croak.
You hear a shout!
You hear an angry hiss.
You hear a bark!
You hear an angry hiss.
You hear a bark!
You hear an angry hiss.
You hear a shout! x7
You hear a distant slurping noise.
A centaur comes into view.
The centaur wields a +0 shortbow.
The centaur shoots an arrow.
The arrow completely misses you.
The centaur shoots an arrow.
The arrow hits you!
The centaur wields a +0 shortbow.
The centaur shoots an arrow.
The arrow barely misses you.
The centaur shoots an arrow.
The arrow closely misses you.
The centaur wields a +0 shortbow.
The centaur shoots an arrow.
The arrow closely misses you.
The centaur shoots an arrow.
The arrow closely misses you.
The centaur shoots an arrow.
The arrow hits you.
The centaur shoots an arrow.
The arrow completely misses you.
The centaur shoots an arrow.
The arrow hits you!
The centaur shoots an arrow.
The arrow hits you.
The centaur shoots an arrow.
The arrow hits you!
The centaur shoots an arrow.
The arrow hits you!
You die...

#########.##
#..## ##..#
##.#####
#.....#
#####.## ~
#..# ~~~
##.##~~~~c
#@...~~~c
##..#~~~c
#..~~~~
#.#~~~ ...~~
###~


You could see 3 centaurs.

Vanquished Creatures
  3 gnolls
  5 adders
  A worm (D:2)
  2 orcs (D:3)
  6 endoplasms
  5 giant cockroaches
  4 goblins
  3 hobgoblins
  5 jackals
  4 kobolds
  4 quokkas
  12 ball pythons
  5 bats
  5 frilled lizards
  7 rats
71 creatures vanquished.

Notes
Turn   | Place    | Note
-------+----------+-------------------------------------------
     0 | D:1      | qw the Minotaur Berserker began the quest for the Orb.
     0 | D:1      | Reached XP level 1. HP: 19/19 MP: 0/0
     0 | D:1      | 0 ||| qw: Version: 0.1-a-119-g272c26d
     0 | D:1      | 0 ||| qw: Game counter: 10997
     0 | D:1      | 0 ||| qw: Always use a shield: true
     0 | D:1      | 0 ||| qw: Do Orc after D:15 true
     0 | D:1      | 0 ||| qw: Do second Lair branch before Depths: true
     0 | D:1      | 0 ||| qw: Lair rune preference: random
     0 | D:1      | 0 ||| qw: Plans: Normal
     0 | D:1      | 0 ||| PLANNING D:1-11
    78 | D:1      | 78 ||| Stepping ~*~*~tactically~*~*~ (stealth).
   151 | D:1      | Reached skill level 4 in Axes
   312 | D:1      | Reached XP level 2. HP: 26/26 MP: 1/1
   324 | D:1      | 324 ||| DROPPING +0 club.
   333 | D:1      | 333 ||| Stepping ~*~*~tactically~*~*~ (stealth).
   335 | D:1      | 335 ||| Stepping ~*~*~tactically~*~*~ (stealth).
   494 | D:1      | Found a faded altar of an unknown god.
   714 | D:1      | Reached skill level 5 in Axes
   803 | D:1      | 803 ||| Stepping ~*~*~tactically~*~*~ (stealth).
   811 | D:1      | Reached ** piety under Trog
   887 | D:1      | Reached XP level 3. HP: 31/31 MP: 2/2
  1209 | D:1      | 1209 ||| UPGRADING to +0 leather armour.
  1219 | D:1      | 1219 ||| DROPPING +0 animal skin.
  1220 | D:1      | 1220 ||| READING scroll labelled EMMUAVV PUGI.
  1269 | D:2      | 1269 ||| STAIRDANCE
  1271 | D:1      | 1271 ||| INVOKING Berserk.
  1496 | D:2      | 1496 ||| INVOKING Berserk.
  1584 | D:2      | 1584 ||| Stepping ~*~*~tactically~*~*~ (stealth).
  1587 | D:2      | 1587 ||| Stepping ~*~*~tactically~*~*~ (stealth).
  1589 | D:2      | 1589 ||| Stepping ~*~*~tactically~*~*~ (stealth).
  1590 | D:2      | 1590 ||| Stepping ~*~*~tactically~*~*~ (stealth).
  1591 | D:2      | 1591 ||| Stepping ~*~*~tactically~*~*~ (stealth).
  1592 | D:2      | 1592 ||| Stepping ~*~*~tactically~*~*~ (stealth).
  1593 | D:2      | 1593 ||| Stepping ~*~*~tactically~*~*~ (stealth).
  1594 | D:2      | 1594 ||| Stepping ~*~*~tactically~*~*~ (stealth).
  1595 | D:2      | 1595 ||| Stepping ~*~*~tactically~*~*~ (stealth).
  1596 | D:2      | 1596 ||| Stepping ~*~*~tactically~*~*~ (stealth).
  1597 | D:2      | 1597 ||| Stepping ~*~*~tactically~*~*~ (stealth).
  1676 | D:2      | 1676 ||| INVOKING Berserk.
  1680 | D:2      | Reached skill level 6 in Axes
  1680 | D:2      | Reached XP level 4. HP: 39/39 MP: 3/3
  1765 | D:2      | 1765 ||| Stepping ~*~*~tactically~*~*~ (stealth).
  2268 | D:2      | 2268 ||| READING scroll labelled JACHOA BYINLU.
  2269 | D:2      | 2269 ||| READING 2 scrolls labelled SUNEYN JEWKO.
  2270 | D:2      | 2270 ||| READING scroll labelled NIBLIL JUDDA.
  2271 | D:2      | 2271 ||| READING scroll labelled VAPE INIMIALA.
  2272 | D:2      | 2272 ||| DRINKING 2 amethyst potions.
  2272 | D:2      | Gained mutation: Your body sometimes deteriorates upon
                  | taking damage. [potion of mutation]
  2272 | D:2      | Gained mutation: You have a pair of large horns on your
                  | head. [potion of mutation]
  2272 | D:2      | Gained mutation: You are robust. (+10% HP) [potion of
                  | mutation]
  2290 | D:2      | 2290 ||| DROPPING scroll of amnesia.
  2440 | D:3      | 2440 ||| Stepping ~*~*~tactically~*~*~ (stealth).
  2441 | D:3      | 2441 ||| Stepping ~*~*~tactically~*~*~ (stealth).
  2594 | D:3      | 2594 ||| FLEEEEING.
  2598 | D:3      | 2598 ||| FLEEEEING.
  2800 | D:3      | 2800 ||| Stepping ~*~*~tactically~*~*~ (stealth).
  2887 | D:3      | 2887 ||| Stepping ~*~*~tactically~*~*~ (stealth).
  2924 | D:3      | Found a burning altar of Makhleb.
  2929 | D:3      | Reached skill level 7 in Axes
  2929 | D:3      | Reached XP level 5. HP: 49/49 MP: 4/4
  2963 | D:3      | 2963 ||| Stepping ~*~*~tactically~*~*~ (stealth).
  2965 | D:3      | 2965 ||| Stepping ~*~*~tactically~*~*~ (stealth).
  3091 | D:3      | You fall into a shaft and drop 3 floors!
  3106 | D:6      | Found Ohenluc's Jewellery Boutique.
  3119 | D:6      | 3119 ||| SHOPLISTING +4 ring of protection (432 gold, have
                  | 100).
  3119 | D:6      | 3119 ||| SHOPLISTING +6 ring of strength (432 gold, have
                  | 100).
  3119 | D:6      | 3119 ||| SHOPLISTING amulet of guardian spirit (360 gold,
                  | have 100).
  3119 | D:6      | 3119 ||| SHOPLISTING amulet of reflection (360 gold, have
                  | 100).
  3119 | D:6      | 3119 ||| SHOPLISTING ring of fire (300 gold, have 100).
  3119 | D:6      | 3119 ||| SHOPLISTING ring of poison resistance (240 gold,
                  | have 100).
  3119 | D:6      | 3119 ||| SHOPLISTING ring of protection from cold (300
                  | gold, have 100).
  3119 | D:6      | 3119 ||| SHOPLISTING ring of protection from fire (300
                  | gold, have 100).
  3119 | D:6      | 3119 ||| SHOPLISTING ring of willpower (300 gold, have
                  | 100).
  3153 | D:6      | Noticed a centaur
  3154 | D:6      | Noticed a centaur
  3155 | D:6      | Noticed a centaur
  3157 | D:6      | HP: 10/50 [centaur/arrow (13)]
  3157 | D:6      | Shot with an arrow by a centaur

Levels and vault maps discovered:
D:1:      dpeg_arrival_connections, layout_basic,
          hellmonk_ecumenical_altar_crossroads
D:2:      layout_loops_ring
D:3:      layout_loops_ring, mainiacjoe_overflow_tiny_flanked
D:6:      minmay_polygon_palace, layout_basic, serial_shops,
          nicolae_shop_waterfront, shop, shop_fountains, centaur_isle

Skill      XL: |  1  2  3  4 |
---------------+-------------+-----
Axes           | 4 5 6 7 |  7.0
Fighting       | |  3.7
Armour         | |  2.4
Dodging        | |  2.1

Action                   |  1- 3 |  4- 6 || total
-------------------------+-------+-------++-------
Melee: Hand axe          |    74 |    82 ||   156
       Headbutt          |    11 |     5 ||    16
Invok: Berserk           |     3 |       ||     3
  Use: Scroll            |     1 |     4 ||     5
       Potion            |       |     1 ||     1
Armor: Animal skin       |    13 |       ||    13
       Leather armour    |       |    17 ||    17
Dodge: Dodged            |    33 |    41 ||    74

Table legend:
 A = Non-vault XP
 B = Vault XP
 C = Vault XP percentage of total XP
 D = Non-vault monster count
 E = Vault monster count
 F = Vault count percentage of total count
                 A         B        C        D         E       F
            +---------+---------+-------+---------+---------+-------
      Total |     212 |       0 |   0.0 |      71 |       0 |   0.0
            +---------+---------+-------+---------+---------+-------
        D:1 |      76 |       0 |   0.0 |      33 |       0 |   0.0
        D:2 |      79 |       0 |   0.0 |      19 |       0 |   0.0
        D:3 |      57 |       0 |   0.0 |      19 |       0 |   0.0
            +---------+---------+-------+---------+---------+-------
